 Seeded DCSS version 0.29-a0-25-g7f48f510a0 (webtiles) character file.

Game seed: 10000000000011 (custom seed)

399 knot the Chopper (level 6, -4/47 HPs)
             Began as a Demonspawn Berserker on Jan 31, 2022.
             Was a Follower of Trog.
             Killed from afar by Dowan (26 damage)
             ... with a shard of ice
             ... on level 4 of the Dungeon.
             The game lasted 00:04:53 (5182 turns).

knot the Chopper (Demonspawn Berserker)             Turns: 5182, Time: 00:04:53

Health: -4/47      AC:  2    Str: 17    XL:     6   Next: 53%
Magic:  6/6        EV: 12    Int: 11    God:    Trog [*.....]
Gold:   126        SH:  5    Dex: 12    Spells: 5/5 levels left

rFire   . . .      SeeInvis .   q - +0 war axe
rCold   . . .      Faith    .   (no shield)
rNeg    . . .      Spirit   .   b - +0 animal skin
rPois   .          Reflect  +   (no helmet)
rElec   .          Harm     .   (no cloak)
rCorr   .          Rampage  .   (no gloves)
Will    ++...                   (no boots)
Stlth   +.........              d - amulet of reflection
HPRegen 1.15/turn               (no ring)
MPRegen 0.20/turn               (no ring)

@: strong-willed, regenerating
A: magic regeneration, demonic touch 2
a: Renounce Religion, Berserk


You were on level 4 of the Dungeon.
You worshipped Trog.
Trog was aware of your devotion.
You visited 1 branch of the dungeon, and saw 4 of its levels.

You collected 126 gold pieces.

Inventory:

Hand Weapons
 q - a +0 war axe (weapon)
Missiles
 g - 103 stones
 p - 3 boomerangs (quivered)
Armour
 b - a +0 animal skin (worn)
Jewellery
 d - an amulet of reflection (around neck)
Wands
 o - a wand of charming (5)
Scrolls
 c - a scroll of amnesia {unknown}
 k - 2 scrolls of identify {unknown}
 m - 2 scrolls of blinking {unknown}
 n - a scroll of fog {unknown}
Potions
 e - a potion of curing {unknown}
 f - a potion of lignification {unknown}
 h - a potion of might {unknown}
 j - a potion of magic {unknown}
 l - a potion of heal wounds {unknown}


   Skills:
 - Level 3.0 Fighting
 * Level 6.3 Axes
 * Level 2.1 Throwing
 - Level 1.7 Armour
 - Level 1.7 Dodging


You had 5 spell levels left.
You didn't know any spells.
Your spell library contained the following spells:

 Spells                   Type           Power      Damage    Failure   Level
 Corpse Rot               Necr/Air       0%         N/A       47%         2
 Ensorcelled Hibernation  Hex/Ice        0%         N/A       47%         2
 Passwall                 Tmut/Erth      0%         N/A       47%         2
 Poisonous Vapours        Pois/Air       0%         N/A       47%         2
 Swiftness                Air            0%         N/A       71%         3


Dungeon Overview and Level Annotations

Branches:
Dungeon (4/15)             Temple (0/1) D:4

Altars:

Shops:
D:3 [

Annotations:
D:4 Dowan


Innate Abilities, Weirdness & Mutations

You regenerate magic rapidly.
Your touch may inflict irresistible damage on your foes.


Message History

Press: ? - help, Q - select action, (/) - cycle Shift-Dir - straight line, f/p - Dowan
Aim: Dowan, wielding a +0 dagger, wearing a +2 robe of fire resistance and carrying a wand of flame (26) (lightly wounded, fast, poisoned, 48% to hit)
You throw a stone. The stone barely misses Dowan.
Unknown command.
Throw: 4 boomerangs
Press: ? - help, Q - select action, (/) - cycle Shift-Dir - straight line, f/p - Dowan
Aim: Dowan, wielding a +0 dagger, wearing a +2 robe of fire resistance and carrying a wand of flame (26) (lightly wounded, fast, poisoned, 48% to hit)
You throw a boomerang. The boomerang barely misses Dowan.
Dowan looks more healthy.
Dowan zaps a wand.
The puff of flame misses you.
Throw: 4 boomerangs
Press: ? - help, Q - select action, (/) - cycle Shift-Dir - straight line, f/p - Dowan
Aim: Dowan, wielding a +0 dagger, wearing a +2 robe of fire resistance and carrying a wand of flame (25) (moderately wounded, fast, 48% to hit)
You throw a boomerang. The boomerang completely misses Dowan.
Dowan gestures wildly while chanting.
Dowan blinks!
Throw: 4 boomerangs
Press: ? - help, Q - select action, (/) - cycle Shift-Dir - straight line, f/p - Dowan
Aim: Dowan, wielding a +0 dagger, wearing a +2 robe of fire resistance and carrying a wand of flame (25) (moderately wounded, fast, 48% to hit)
You throw a boomerang. The boomerang hits Dowan.
Dowan is heavily wounded.
Dowan zaps a wand.
The puff of flame hits you!
Dowan zaps a wand.
The puff of flame hits you!
Your skin crawls.
You feel strong-willed.
You can no longer call upon Trog for regeneration and willpower.
Dowan zaps a wand.
The puff of flame hits you.
Unknown command.
Throw: 4 boomerangs
Press: ? - help, Q - select action, (/) - cycle Shift-Dir - straight line, f/p - Dowan
Aim: Dowan, wielding a +0 dagger, wearing a +2 robe of fire resistance and carrying a wand of flame (22) (heavily wounded, fast, 48% to hit)
You throw a boomerang. The boomerang hits Dowan.
Dowan is severely wounded.
Dowan casts a spell at you. The stone arrow hits you.
Dowan points at you and mumbles some strange words.
The stone arrow misses you. Dowan gestures at you while chanting.
The shard of ice hits you!!
Ouch! That really hurt!
You die...

*,* #....##.# #.# *,**
#....##.####.# *,,*
#....##...#..# **,*
########...... *,*
#...... *(###**
#.).... *((...####
#...... ****#....#####
#......
***#.@.e.#######......
#####..............
###############


You could see Dowan (fast).

Vanquished Creatures
  An ogre (D:3)
  2 scorpions (D:4)
  An orc priest (D:4)
  A centaur skeleton (D:4)
  Ijyb (D:3)
  5 adders
  2 orcs (D:4)
  6 endoplasms
  2 giant cockroaches
  5 goblins
  5 hobgoblins
  14 jackals
  A quokka (D:4)
  4 ball pythons
  7 bats
  5 frilled lizards
  3 kobolds
  5 rats
70 creatures vanquished.

Notes
Turn   | Place    | Note
-------+----------+-------------------------------------------
     0 | D:1      | knot the Demonspawn Berserker began the quest for the Orb.
     0 | D:1      | Reached XP level 1. HP: 18/18 MP: 1/1
   152 | D:1      | Reached skill level 3 in Axes
   291 | D:1      | Gained mutation: You regenerate magic rapidly. [demonic
                  | ancestry]
   291 | D:1      | Reached XP level 2. HP: 22/24 MP: 2/2
  1311 | D:2      | Gained mutation: Your touch may inflict minor irresistible
                  | damage on your foes. [demonic ancestry]
  1311 | D:2      | Reached XP level 3. HP: 22/29 MP: 3/3
  1485 | D:2      | Reached skill level 4 in Axes
  1490 | D:2      | Reached ** piety under Trog
  2152 | D:2      | Reached XP level 4. HP: 23/35 MP: 4/4
  3096 | D:3      | Noticed an ogre
  3104 | D:3      | Killed an ogre
  3105 | D:3      | Reached skill level 5 in Axes
  3105 | D:3      | Reached XP level 5. HP: 39/41 MP: 5/5
  3378 | D:3      | Found Daocsar's Antique Armour Emporium.
  3864 | D:4      | Noticed Duvessa
  3865 | D:4      | Noticed Dowan
  3866 | D:4      | Noticed Ijyb
  3898 | D:4      | Noticed Duvessa
  3898 | D:4      | Duvessa changed into Duvessa the scorpion
  4144 | D:3      | Killed Ijyb
  4145 | D:3      | Reached skill level 6 in Axes
  4197 | D:4      | Reached skill level 1 in Throwing
  4197 | D:4      | Gained mutation: Your touch may inflict irresistible damage
                  | on your foes. [demonic ancestry]
  4197 | D:4      | Reached XP level 6. HP: 47/47 MP: 6/6
  4201 | D:4      | Killed Duvessa the scorpion
  4328 | D:4      | Found a staircase to the Ecumenical Temple.
  4791 | D:4      | Found a staircase to the Ecumenical Temple.
  5182 | D:4      | Killed from afar by Dowan

Illustrated notes

Levels and vault maps discovered:
D:1:      lordsloth_arrival_two_stooges, layout_basic, grunt_decor_fettered,
          minmay_misc_feat_diagonals, nicolae_concentric_dashed_squares_wild
D:2:      layout_rooms, hangedman_decor_clover_reticule
D:3:      layout_basic, serial_shops, shop, kennysheep_path_1
D:4:      layout_rooms, temple_doors_e, uniq_duvessa, uniq_ijyb

Skill      XL: |  1  2  3  4  5  6 |
---------------+-------------------+-----
Axes           | 3 4 5 6 |  6.3
Throwing       | 1 2 |  2.1
Fighting       | |  3.0
Armour         | |  1.7
Dodging        | |  1.7

Action                   |  1- 3 |  4- 6 || total
-------------------------+-------+-------++-------
Melee: Hand axe          |   130 |    66 ||   196
       Punch             |     3 |       ||     3
       Touch             |     6 |     8 ||    14
       War axe           |       |     4 ||     4
Throw: Stone             |       |     3 ||     3
       Boomerang         |       |     4 ||     4
       Dart              |       |     3 ||     3
Invok: Berserk           |     2 |     6 ||     8
       Trog's Hand       |       |     1 ||     1
Evoke: Wand              |       |    10 ||    10
Armor: Animal skin       |    28 |    15 ||    43
Dodge: Dodged            |    92 |    50 ||   142
Block: Other             |    26 |    20 ||    46

Table legend: (Time is in decaauts)
 A = Elapsed time spent in this place.
 B = Non-inter-level travel time spent in this place.
 C = Inter-level travel time spent in this place.
 D = Time resting spent in this place.
 E = Time spent auto-exploring this place.
 F = Levels seen in this place.
 G = Mean time per level.
                   A        B        C        D        E       F      G
               +--------+--------+--------+--------+--------+-----+--------+
         Total |   5273 |   5065 |    208 |   2021 |   2419 |   4 | 1318.2 |
       Dungeon |   5273 |   5065 |    208 |   2021 |   2419 |   4 | 1318.2 |
               +--------+--------+--------+--------+--------+-----+--------+

Top non-repeatable levels by time:
     D:2: 1545 daAuts
     D:4: 1404 daAuts
     D:1: 1315 daAuts
     D:3: 1008 daAuts
